 Dungeon Crawl Stone Soup version 0.25-a0-178-gc9f82b1288 (webtiles) character file.

Game seed: 1860417431816497385, levelgen mode: deterministic

1163 vurker the Gusty (level 8, -1/46 HPs)
             Began as a Tengu Air Elementalist on Nov 26, 2019.
             Was an Initiate of Vehumet.
             Slain by a centaur (3 damage)
             ... on level 5 of the Dungeon.
             The game lasted 00:12:19 (7913 turns).

vurker the Gusty (Tengu Air Elementalist)           Turns: 7913, Time: 00:12:20

Health: -1/46      AC:  5    Str:  9    XL:     8   Next: 40%
Magic:  0/16       EV: 12    Int: 18    God:    Vehumet [......]
Gold:   250        SH:  0    Dex: 14    Spells: 9/17 levels left

rFire    . . .     SeeInvis .   a - +1 dagger (venom)
rCold    . . .     Gourm    .   (no shield)
rNeg     + . .     Faith    .   u - +1 leather armour {rN+}
rPois    .         Spirit   .   (helmet restricted)
rElec    .         Reflect  .   (no cloak)
rCorr    .         Harm     .   s - +0 pair of gloves
MR       .....                  (boots unavailable)
Stlth    ++........             (no amulet)
HPRegen  0.15/turn              (no ring)
MPRegen  0.15/turn              (no ring)

@: no status effects
A: beak, talons 3, able to fly
a: Fly, Renounce Religion


You were on level 5 of the Dungeon.
You worshipped Vehumet.
Vehumet was noncommittal.
You were not hungry.

You visited 1 branch of the dungeon, and saw 5 of its levels.

You collected 250 gold pieces.

Inventory:

Hand Weapons
 a - a +1 dagger of venom (weapon)
   (You took it off an orc on level 3 of the Dungeon)
Armour
 s - a +0 pair of gloves (worn)
   (You found it on level 3 of the Dungeon)
 u - a +1 leather armour of positive energy (worn)
   (You took it off an orc on level 3 of the Dungeon)
Magical Staves
 p - an uncursed staff of earth
   (You found it on level 4 of the Dungeon)
Scrolls
 b - a scroll of amnesia {unknown}
 c - 2 scrolls of enchant armour {unknown}
 i - 5 scrolls of remove curse {unknown}
 j - a scroll of immolation {unknown}
 k - a scroll of teleportation {unknown}
 l - a scroll of noise {unknown}
 q - 6 scrolls of identify {unknown}
 r - a scroll of fog {unknown}
Potions
 d - 2 potions of resistance {unknown}
 f - a potion of might {unknown}
 g - 2 potions of flight {unknown}
 h - a potion of cancellation {unknown}
 m - 2 potions of ambrosia {unknown}
 n - 3 potions of curing {unknown}
 o - a potion of lignification {unknown}
 t - a potion of agility {unknown}
Comestibles
 e - 5 rations


   Skills:
 + Level 3.5 Fighting
 - Level 2.1 Dodging
 - Level 2.0 Stealth
 * Level 5.0 Spellcasting
 * Level 6.7 Conjurations
 * Level 7.9 Air Magic


You had 9 spell levels left.
You knew the following spells:

 Your Spells              Type           Power        Failure   Level  Hunger
a - Shock                 Conj/Air       ####         1%          1    None
b - Static Discharge      Conj/Air       ####....     2%          3    ##.....
c - Airstrike             Air            ####......   7%          4    ####...

Your spell library contained the following spells:

 Spells                   Type           Power        Failure   Level  Hunger
 Swiftness                Chrm/Air       ###.....     5%          2    #......
 Lightning Bolt           Conj/Air       ####......   26%         5    ######.


Dungeon Overview and Level Annotations

Branches:
Dungeon (5/15)
 Temple: D:4-7

Altars:
Ashenzari
Gozag
Vehumet

Shops:
D:3 *


Innate Abilities, Weirdness & Mutations

You have a beak for a mouth.
You have claws for feet.
You can fly continuously.


Message History

Vehumet accepts your kill.
The centaur shoots an arrow.
The arrow closely misses you.
You hear a shout!
A centaur comes into view.
The centaur shoots an arrow.
The arrow hits you.
The centaur moves out of view.
You see here an arrow.
The centaur wields a +0 shortbow.
The centaur shoots an arrow.
The arrow hits you!
The centaur unwields a +0 shortbow.
The centaur barely misses you.
Found a manual of Armour.
You see here an arrow.
The centaur unwields a +0 shortbow.
The centaur hits you but does no damage.
The centaur hits you.
You hit the centaur but do no damage. The centaur hits you.
The centaur closely misses you. The centaur hits you.
You hit the centaur.
The centaur is poisoned.
You claw the centaur. The centaur hits you. The centaur misses you. x2
You hit the centaur. You claw the centaur. The centaur hits you.
* * * LOW HITPOINT WARNING * * *
The centaur hits you.
* * * LOW HITPOINT WARNING * * *
The centaur hits you but does no damage.
You hit the centaur. You claw the centaur. The centaur barely misses you.
The centaur hits you.
* * * LOW HITPOINT WARNING * * *
The centaur misses you.
You hit the centaur.
The centaur is poisoned.
You claw the centaur, but do no damage. You peck the centaur.
The centaur hits you but does no damage.
The centaur hits you!
* * * LOW HITPOINT WARNING * * *
The centaur misses you.
Unknown command.
Aim: a centaur (severely wounded, poisoned)
The air twists around and strikes the centaur.
The centaur barely misses you. The centaur closely misses you.
The centaur hits you.
* * * LOW HITPOINT WARNING * * *
You hit the centaur.
You kill the centaur!
Vehumet accepts your kill.
Your Spellcasting skill increases to level 5!
The centaur hits you.
* * * LOW HITPOINT WARNING * * *
You don't have enough magic to cast that spell.
Aim: a centaur (almost dead, poisoned)
The zap hits the centaur but does no damage.
The centaur hits you.
You die...

#............. ####.
##............. .....
............# ###.
#..........# #.
#..........# #.
#........(.# ###
.#####..........######<.
.......c((.............#
##..##@##)..###########
#.).##..# #.#...#..#
...#:#..!.# #.# ..#.#..#
... ...##).# ##. #.#
....# # ... .##.# ## .
.#


You could see a centaur.

Vanquished Creatures
  2 phantoms
  A centaur (D:5)
  A big kobold (D:4)
  A bullfrog (D:4)
  2 howler monkeys (D:4)
  2 crimson imps
  3 orc priests
  3 hounds
  2 orc wizards
  An iguana (D:5)
  Jessica (D:3)
  Terence (D:2)
  4 worker ants (D:4)
  3 gnolls (D:4)
  A howler monkey skeleton (D:5)
  3 adders
  An adder skeleton (D:4)
  2 dart slugs
  3 worms
  6 leopard geckos
  19 orcs
  10 bats
  3 giant cockroaches
  14 goblins
  8 hobgoblins
  5 jackals
  25 kobolds
  5 quokkas
  4 ball pythons
  8 frilled lizards
  9 rats
153 creatures vanquished.

Notes
Turn   | Place    | Note
-------+----------+-------------------------------------------
     0 | D:1      | vurker the Tengu Air Elementalist began the quest for the
                  | Orb.
     0 | D:1      | Reached XP level 1. HP: 10/10 MP: 4/4
   289 | D:1      | Reached XP level 2. HP: 15/15 MP: 3/6
   547 | D:1      | Reached XP level 3. HP: 20/20 MP: 0/7
  1377 | D:2      | Reached skill level 1 in Fighting
  1454 | D:2      | Learned a level 3 spell: Static Discharge
  1664 | D:2      | Reached XP level 4. HP: 25/25 MP: 4/8
  2113 | D:2      | Found a shattered altar of Ashenzari.
  2162 | D:2      | Reached skill level 5 in Air Magic
  2641 | D:1      | Learned a level 4 spell: Airstrike
  2916 | D:2      | Gained mutation: You can fly continuously. [Tengu growth]
  2916 | D:2      | Reached XP level 5. HP: 21/29 MP: 0/10
  3091 | D:2      | Noticed Terence
  3117 | D:2      | Killed Terence
  4280 | D:3      | Reached XP level 6. HP: 35/35 MP: 4/12
  4352 | D:3      | Noticed Jessica
  4387 | D:3      | Killed Jessica
  4490 | D:3      | Found an opulent altar of Gozag.
  4493 | D:3      | Found Gozag's Platinum Reserve.
  4878 | D:3      | Reached skill level 6 in Air Magic
  5538 | D:4      | Reached skill level 5 in Conjurations
  5538 | D:4      | Reached XP level 7. HP: 34/40 MP: 2/14
  6362 | D:4      | Reached skill level 7 in Air Magic
  6389 | D:4      | Found a radiant altar of Vehumet.
  6399 | D:4      | Became a worshipper of Vehumet
  6904 | D:5      | Entered Level 5 of the Dungeon
  7224 | D:5      | Reached XP level 8. HP: 46/46 MP: 9/15
  7912 | D:5      | Reached skill level 5 in Spellcasting
  7912 | D:5      | HP: 2/46 [centaur (3)]
  7913 | D:5      | Slain by a centaur

Levels and vault maps discovered:
D:1:      saegor_arrival_simple_c, layout_basic, minmay_pentomino_z2
D:2:      layout_basic, evilmike_ruin_ashenzari, serial_bayou_ford_a,
          uniq_terence
D:3:      minmay_door_path, layout_loops_corners, serial_glass, glass_columns_b,
          glass_columns_b, glass_columns_a, glass_columns_c, glass_columns_b,
          minmay_strange_pillars, first_ration, nicolae_gozag_zags_fifth_avenue,
          uniq_jessica
D:4:      kennysheep_kobold_camp, layout_gridville,
          nicolae_overflow_crystal_walls, minmay_liquid_box
D:5:      layout_rooms, kennysheep_mini, minmay_manual_mares

Skill      XL: |  1  2  3  4  5  6  7  8 |
---------------+-------------------------+-----
Conjurations   | 2 3 4 5 6 |  6.7
Fighting       | 1 2 3 |  3.5
Air Magic      | 5 6 7 |  7.9
Spellcasting   | 3 4 5 |  5.0
Dodging        | |  2.1
Stealth        | |  2.0

Action                   |  1- 3 |  4- 6 |  7- 9 || total
-------------------------+-------+-------+-------++-------
Melee: Unarmed           |     5 |       |       ||     5
       Peck              |     2 |     1 |     5 ||     8
       Dagger            |       |     8 |    39 ||    47
       Kick              |       |     2 |    15 ||    17
 Cast: Shock             |    75 |   160 |    82 ||   317
       Airstrike         |       |     4 |    17 ||    21
  Eat: Chunk             |     3 |    12 |     9 ||    24
       Ration            |       |       |     1 ||     1
Armor: Robe              |     4 |     4 |       ||     8
       Leather armour    |       |     3 |    18 ||    21
Dodge: Dodged            |    11 |    22 |    44 ||    77

Table legend:
 A = Non-vault XP
 B = Vault XP
 C = Vault XP percentage of total XP
 D = Non-vault monster count
 E = Vault monster count
 F = Vault count percentage of total count
                 A         B        C        D         E       F
            +---------+---------+-------+---------+---------+-------
      Total |    1337 |     325 |  19.6 |     125 |      28 |  18.3
            +---------+---------+-------+---------+---------+-------
        D:1 |      48 |       6 |  11.1 |      28 |       2 |   6.7
        D:2 |     165 |      36 |  17.9 |      30 |       1 |   3.2
        D:3 |     200 |      45 |  18.4 |      31 |       3 |   8.8
        D:4 |     603 |     130 |  17.7 |      25 |      21 |  45.7
        D:5 |     321 |     108 |  25.2 |      11 |       1 |   8.3
            +---------+---------+-------+---------+---------+-------
